 Dungeon Crawl Stone Soup version 0.17-a0-1648-g0a089d4 (webtiles) character file.

342 xuran the Cudgeler (level 6, -3/48 HPs)
             Began as a Human Berserker on Aug 12, 2015.
             Was a Priest of Trog.
             Slain by an orc warrior
             ... wielding a cursed -2 battleaxe
              (14 damage)
             ... on level 7 of the Dungeon.
             The game lasted 00:30:16 (3956 turns).

xuran the Cudgeler (Human Berserker)                Turns: 3956, Time: 00:30:16

Health: -3/48      AC:  9    Str: 19    XL:     6   Next: 88%
Magic:  6/6        EV:  6    Int:  8    God:    Trog [***...]
Gold:   180        SH: 11    Dex: 12    Spells: 0 memorised, 5 levels left

rFire  . . .     SeeInvis .     a - +2 mace
rCold  . . .     Clarity  .     l - +2 scale mail
rNeg   . . .     SustAt   .     I - +0 large shield
rPois  .         Gourm    .     (no helmet)
rElec  .         Spirit   .     (no cloak)
rCorr  .         Warding  .     (no gloves)
rMut   .         Stasis   .     (no boots)
MR     .....                    (no amulet)
Stlth  ..........               (no ring)
                                (no ring)

@: exhausted, slowed, very slow, not resistant to hostile enchantments,
extremely unstealthy
A: no striking features
a: Burn Spellbooks, Berserk, Trog's Hand, Renounce Religion


You were on level 7 of the Dungeon.
You worshipped Trog.
Trog was most pleased with you.
You were hungry.

You visited 1 branch of the dungeon, and saw 5 of its levels.

You collected 180 gold pieces.

Inventory:

Hand weapons
 a - a +2 mace (weapon)
 e - a +0 dagger
 f - a +0 hunting sling
 g - a +0 club
 j - a +0 short sword
 k - a +0 club
 n - a +0 club
 o - a +0 short sword
 s - a +0 club
 y - a +0 mace
 C - a +4 quarterstaff of chaos
 F - a +0 hammer
 G - a cursed -2 flail
Missiles
 m - 8 tomahawks (quivered)
 p - 95 stones
Armour
 b - a +0 animal skin
 h - a +0 chain mail
 l - a +2 scale mail (worn)
 q - a +0 leather armour
 r - a +0 pair of gloves
 t - a +0 pair of gloves
 u - a +0 ring mail
 w - a +0 pair of gloves
 B - a +0 chain mail
 D - a +0 cloak
 I - a +0 large shield (worn)
Scrolls
 v - 2 scrolls of fear
 H - a scroll of immolation
Potions
 A - a potion of lignification
Comestibles
 c - 4 bread rations
 x - a fruit
 z - a slice of pizza


   Skills:
 + Level 4.1 Fighting
 + Level 4.5 Maces & Flails
 + Level 0.2 Throwing
 + Level 3.7 Armour
 + Level 3.8 Dodging


You had 5 spell levels left.
You didn't know any spells.

Dungeon Overview and Level Annotations

Branches:
Dungeon (7/15)
 Temple: D:4-7

Altars:
Okawaru
The Shining One


Message History

You hit the orc priest.
The orc priest is moderately wounded.
The orc priest hits you but does no damage.
You block the orc warrior's attack.
You hit the orc priest.
The orc priest is moderately wounded.
The orc priest calls upon Beogh to heal the orc warrior.
The orc warrior is healed somewhat.
You block the orc warrior's attack.
The orc priest hits you but does no damage.
You hit the orc priest.
The orc priest is heavily wounded.
The orc warrior hits you with an enchanted battleaxe.
You block the orc priest's attack. You block the orc warrior's attack.
The orc priest barely misses you.
You hit the orc priest.
The orc priest is heavily wounded.
The orc priest hits you with a hand axe.
* * * LOW HITPOINT WARNING * * *
The orc warrior hits you with an enchanted battleaxe!
You die...

#...#+##..#...#
##+#...+.....#...+
#....[.#.##.##...#
+...#+##.##'####...
+##+##+#...'.....#....+....
...........#.....+....#.....
...........#.##+##'##+#.....
........#+## #...)........
'##'#...# +$.@.........
.+..+...+ #..oo........
###.#...# #............
#.##.... ....##+##+####
...+..........
...#..........
...#.......... .......


You could see an orc warrior and an orc priest.

Vanquished Creatures
  An ogre (D:4)
  The ghost of Stick the Grave Robber, a weakling DsNe (D:3)
  A hound (D:7)
  Crazy Yiuf (D:3)
  A worker ant (D:7)
  Natasha (thrice) (D:3)
  An adder (D:2)
  An ooze (D:1)
  A worm (D:2)
  8 orcs
  2 giant cockroaches
  9 hobgoblins
  10 kobolds
  A quokka (D:2)
  13 bats
  5 giant newts
  10 goblins
  3 jackals (D:2)
  7 rats
  5 fungi (D:3)
84 creatures vanquished.

Vanquished Creatures (others)
  A worm (D:2)
1 creature vanquished.

Grand Total: 85 creatures vanquished

Notes
Turn   | Place    | Note
--------------------------------------------------------------
     0 | D:1      | xuran the Human Berserker began the quest for the Orb.
     0 | D:1      | Reached XP level 1. HP: 18/18 MP: 1/1
    59 | D:1      | Reached XP level 2. HP: 17/24 MP: 2/2
   564 | D:1      | Reached XP level 3. HP: 23/29 MP: 3/3
  1203 | D:2      | Found an iron altar of Okawaru.
  1281 | D:2      | Found a glowing golden altar of the Shining One.
  1308 | D:2      | Acquired Trog's second power
  1315 | D:2      | Reached XP level 4. HP: 35/35 MP: 4/4
  2264 | D:3      | Noticed Natasha
  2264 | D:3      | Noticed Stick's ghost (weakling DsNe)
  2273 | D:3      | Killed Natasha
  2273 | D:3      | Reached XP level 5. HP: 42/42 MP: 5/5
  2278 | D:3      | Killed Stick's ghost
  2278 | D:3      | Reached skill level 4 in Maces & Flails
  2613 | D:3      | Noticed Natasha
  2621 | D:3      | Killed Natasha
  2623 | D:3      | Noticed Natasha
  2631 | D:3      | Killed Natasha
  3085 | D:3      | Noticed Crazy Yiuf
  3091 | D:3      | Killed Crazy Yiuf
  3091 | D:3      | Reached XP level 6. HP: 48/48 MP: 6/6
  3586 | D:4      | You fall through a shaft for 3 floors!
  3933 | D:7      | Noticed an orc warrior
  3956 | D:7      | Slain by an orc warrior

Vault maps used:
D:1:      sevenhm_arrival_forest_fort_small_3, minmay_misc_feat_tiny
D:2:      nicolae_overflow_hidden_temple, okawaru_trees_1
D:3:      kennysheep_big_flooded_room, first_bread, uniq_crazy_yiuf_cottage,
          uniq_natasha
D:4:      minmay_temple_entry_enclosed_plants
D:7:      nicolae_gozag_seed_capital, nicolae_qazlal_general_emergency,
          uniq_menkaure

Action                   |  1- 3 |  4- 6 || total
-------------------------+-------+-------++-------
Melee: Mace              |    96 |   181 ||   277
Throw: Tomahawk          |     4 |     1 ||     5
Invok: Berserk           |     4 |     8 ||    12
       Burn Spellbooks   |       |     1 ||     1
  Use: Scroll            |     2 |    10 ||    12
       Potion            |       |     4 ||     4
  Eat: Chunk             |     1 |     9 ||    10
       Bread ration      |     1 |     1 ||     2
       Fruit             |       |     3 ||     3
